AoeStats
← Simon Stokvis

African Clearing

504036450Analyzed
4v4 RM · 29d ago on Sep 3, 2026· 28m 43s· 8 players
Game mode
Random Map
Map size
Large (8 player)
Population
200
Speed
Normal
Resources
Standard
Victory
Conquest
Starting age
Dark Age
Ending age
Imperial Age
RankedLock teamsTeams togetherTeam positionsShared explorationLock speedFull tech treeHidden civsTurbo modeCheats
Victory
Defeat
🇨🇳 Mongols · China
1515
+16
🇨🇳 Spanish · China
1510
+16
🇨🇳 Persians · China
1504
+16
🇹🇼 Burgundians · Taiwan
1477
+18
🇳🇱 Huns · Netherlands
1557
-18
🇫🇮 Persians · Finland
1513
-17
🇬🇧 Turks · United Kingdom
1506
-16
🇨🇳 Vietnamese · China
1478
-15
thaebS
6:49 Loom
14:19 Feudal Age
18:00 Castle Age
16:57 Double-Bit Axe
21:40 Fletching
Simon Stokvis
11:59 Loom
14:03 Feudal Age
19:35 Castle Age
20:39 Fletching
22:36 Town Watch
24:09 Ballistics
Ash
11:37 Feudal Age
11:32 Loom
12:29 Double-Bit Axe
13:08 Horse Collar
16:34 Forging
21:57 Scale Barding Armor
24:08 Bloodlines
tianzaimor
9:13 Loom
13:40 Feudal Age
14:19 Double-Bit Axe
14:30 Gold Mining
16:09 Wheelbarrow
17:51 Stone Mining
20:59 Castle Age
21:06 Fletching
21:12 Horse Collar
25:04 Padded Archer Armor
28:19 Thumb Ring
Ren
12:15 Loom
14:21 Feudal Age
18:12 Castle Age
16:04 Double-Bit Axe
16:33 Horse Collar
18:07 Gold Mining
19:10 Bow Saw
24:48 Wheelbarrow
25:39 Heavy Plow
26:59 Husbandry
27:31 Bloodlines
虞小梅
5:31 Loom
6:57 Double-Bit Axe
13:27 Feudal Age
15:10 Bow Saw
17:47 Castle Age
16:10 Stone Mining
16:15 Gold Mining
18:23 Wheelbarrow
20:11 Scale Barding Armor
22:58 Gold Shaft Mining
23:54 Chain Barding Armor
叫声乌鸦哥
3:40 Loom
11:40 Feudal Age
12:44 Double-Bit Axe
14:03 Forging
15:08 Scale Barding Armor
17:48 Town Watch
26:00 Castle Age
啥牌子的
3:14 Loom
13:47 Feudal Age
17:46 Castle Age
16:09 Double-Bit Axe
17:59 Bloodlines
18:51 Bow Saw
18:45 Husbandry
22:31 Horse Collar
23:28 Heavy Plow
26:50 Scale Barding Armor
Connection lost

Rejoining the realm…

Still unreachable

The connection could not be restored.

Session expired

The server has moved on; the page needs a fresh start.